 Dungeon Crawl Stone Soup version 0.29-a0-23-ga79f92ac9c (webtiles) character file.

Game seed: 7894564598261697514

49 HallandMoats the Skirmisher (level 3, 0/26 HPs)
             Began as an Octopode Fighter on Jan 31, 2022.
             Slain by a goblin (3 damage)
             ... led by Robin
             ... on level 1 of the Dungeon.
             The game lasted 00:01:25 (1588 turns).

HallandMoats the Skirmisher (Octopode Fighter)      Turns: 1588, Time: 00:01:26

Health: 0/26       AC:  1    Str: 15    XL:     3   Next: 75%
Magic:  3/3        EV: 13    Int: 10    God:
Gold:   29         SH:  4    Dex: 13    Spells: 2/2 levels left

rFire   . . .      SeeInvis .   a - +0 trident
rCold   . . .      Faith    .   b - +0 buckler
rNeg    . . .      Spirit   .   (helmet restricted)
rPois   .          Reflect  .   (no amulet)
rElec   .          Harm     .   (no ring)
rCorr   .          Rampage  .   (no ring)
Will    .....                   (no ring)
Stlth   ++........              (no ring)
HPRegen 0.08/turn               (no ring)
MPRegen 0.08/turn               (no ring)
                                (no ring)
                                (no ring)

@: no status effects
A: almost no armour, amphibious, 8 rings, camouflage 1, gelatinous body 1,
(nimble swimmer 1), tentacles
a: no special abilities


You were on level 1 of the Dungeon.
You visited 1 branch of the dungeon, and saw 2 of its levels.

You collected 29 gold pieces.

Inventory:

Hand Weapons
 a - a +0 trident (weapon)
Armour
 b - a +0 buckler (worn)
Scrolls
 d - a scroll of teleportation {unknown}
 e - 2 scrolls of vulnerability {unknown}
Potions
 c - a potion of might


   Skills:
 * Level 3.5 Fighting
 * Level 2.8 Polearms
 + Level 3.3 Dodging
 + Level 3.2 Shields


You had 2 spell levels left.
You didn't know any spells.
Your spell library was empty.

Dungeon Overview and Level Annotations

Branches:
Dungeon (2/15)

Altars:


Innate Abilities, Weirdness & Mutations

You cannot wear most types of armour.
You are amphibious.
You can wear up to eight rings at the same time.
Your skin changes colour to match your surroundings (Stealth+).
Your rubbery body absorbs attacks. (AC +1, EV +1)
((You are camouflaged when in or above water. (Stealth+)))
You have tentacles for arms and can constrict up to eight enemies at once.


Message History

The goblin hits you with a +0 club. The goblin misses you.
Robin barely misses you. You block the goblin's attack.
The goblin barely misses you.
There is a stone staircase leading up, spattered with blood here.
The adder hisses angrily.
The goblin hits you with a +0 dagger. x2; Robin barely misses you.
The goblin hits you but does no damage.
You climb upwards.
There is a stone staircase leading down here.
You hit the goblin.
You kill the goblin!
Robin throws the goblin at you!
You puncture Robin! You grab Robin.
Robin is heavily wounded.
You constrict Robin, but do no damage. The goblin misses you.
Robin barely misses you. The goblin hits you with a +0 dagger.
You hit Robin.
Robin is severely wounded.
You constrict Robin.
Robin roars a battlecry!
The goblins go into a battle-frenzy!
The goblin closely misses you.
You hit Robin but do no damage.
Robin is almost dead.
You constrict Robin. The goblin barely misses you.
You hit Robin.
You kill Robin!
The goblin hits you with a +0 dagger.
* * * LOW HITPOINT WARNING * * *
You hit the goblin. Your grab misses the goblin.
The goblin is heavily wounded.
The goblin hits you with a +0 dagger.
* * * LOW HITPOINT WARNING * * *
The goblin hits you with a +0 club.
* * * LOW HITPOINT WARNING * * *
You barely miss the goblin. Your grab misses the goblin.
Your squeeze misses the goblin.
The goblin is heavily wounded.
The goblin hits you with a +0 dagger.
You die...

####### #########
#.g@g.######........
####
#.###...............
...#
####.#######....######.
##.# #.......# #.....#
#. ##.#### #.##.##.#
##....######. ......#
#.##.##.# ##.#........
......# #.#..##.#
#.######### #####.#
#.#.###.# #.# # # #.#
#.#.###.# ##+## #


You could see 2 goblins.

Vanquished Creatures
  Robin (D:1)
  A dart slug (D:1)
  2 ball pythons (D:1)
  An endoplasm (D:1)
  A giant cockroach (D:1)
  7 goblins
  3 hobgoblins (D:1)
  7 jackals (D:1)
  A quokka (D:1)
  A bat (D:1)
  4 frilled lizards (D:1)
  A rat (D:1)
30 creatures vanquished.

Notes
Turn   | Place    | Note
-------+----------+-------------------------------------------
     0 | D:1      | HallandMoats the Octopode Fighter began the quest for the
                  | Orb.
     0 | D:1      | Reached XP level 1. HP: 16/16 MP: 1/1
   283 | D:1      | Reached XP level 2. HP: 14/21 MP: 2/2
   747 | D:1      | Found a faded altar of an unknown god.
   914 | D:1      | Reached XP level 3. HP: 26/26 MP: 3/3
  1220 | D:2      | Identified the +0 helmet of Fuplink {*Slow Int+9 Slay+3
                  | Stlth-}
  1220 | D:2      | Noticed Robin
  1586 | D:1      | Killed Robin
  1588 | D:1      | Slain by a goblin

Illustrated notes

Levels and vault maps discovered:
D:1:      saegor_arrival_simple_b, layout_loops_corners,
          shapermc_ecumenical_altar_totnotflames
D:2:      layout_basic, uniq_robin

Action                   || total
-------------------------++-------
Melee: Trident           ||    68
       Constrict         ||    17
       Tentacles         ||    10
       Punch             ||     2
 Stab: Sleeping          ||     1
Armor: Skin              ||     7
Dodge: Dodged            ||    43
Block: Buckler           ||     8

Table legend: (Time is in decaauts)
 A = Elapsed time spent in this place.
 B = Non-inter-level travel time spent in this place.
 C = Inter-level travel time spent in this place.
 D = Time resting spent in this place.
 E = Time spent auto-exploring this place.
 F = Levels seen in this place.
 G = Mean time per level.
                   A        B        C        D        E       F      G
               +--------+--------+--------+--------+--------+-----+--------+
         Total |   1604 |   1577 |     27 |    326 |   1095 |   2 |  802.0 |
       Dungeon |   1604 |   1577 |     27 |    326 |   1095 |   2 |  802.0 |
               +--------+--------+--------+--------+--------+-----+--------+

Top non-repeatable levels by time:
     D:1: 1581 daAuts
     D:2: 23 daAuts
